 Dungeon Crawl Stone Soup version 0.28-a0-384-g9e0c098162 (webtiles) character file.

Game seed: 15472676604521736699

65620 mathmaestro the Grappler (level 14, -15/149 HPs)
             Began as a Troll Monk on Sept 2, 2021.
             Demolished by a rockslime (23 damage)
             ... on level 2 of the Pits of Slime.
             The game lasted 00:41:28 (17399 turns).

mathmaestro the Grappler (Troll Monk)              Turns: 17399, Time: 00:41:29

Health: -15/149    AC:  6    Str: 26    XL:     14   Next: 76%
Magic:  13/13      EV: 11    Int:  6    God:
Gold:   1085       SH: 16    Dex: 12    Spells: 13/13 levels left

rFire   . . .      SeeInvis .     - Unarmed
rCold   . . .      Faith    .   p - +1 kite shield
rNeg    . . .      Spirit   .   t - +1 robe "Ilifola" {Will+}
rPois   +          Reflect  +   Y - +2 hat
rElec   .          Harm     .   S - +2 cloak {rPois}
rCorr   +          Rampage  .   (gloves unavailable)
Will    ++...                   (boots unavailable)
Stlth   ++........              W - amulet of reflection
HPRegen 1.34/turn               X - ring of resist corrosion
MPRegen 0.13/turn               L - +4 ring of protection

@: corroded, studying Bows
A: large, unfitting armour, claws 3, regeneration 1, shaggy fur 1, tough skin 1,
mutation resistance 1
a: no special abilities


You were on level 2 of the Pits of Slime.
You visited 4 branches of the dungeon, and saw 19 of its levels.
You also visited: Ossuary and Gauntlet.

You collected 1695 gold pieces.
You spent 610 gold pieces at shops.

Inventory:

Hand Weapons
 y - a +4 scimitar of flaming
Missiles
 K - 3 large rocks (quivered)
 N - 15 javelins
 P - a throwing net
Armour
 p - a +1 kite shield (worn)
 t - the +1 robe "Ilifola" (worn) {Will+}
   (You found it on level 5 of the Dungeon)

   Will:      It increases your willpower.
 Q - a scarf of repulsion
 S - a +2 cloak of poison resistance (worn)
 Y - a +2 hat (worn)
Jewellery
 a - a ring of protection from cold
 i - a ring of see invisible
 o - a ring of positive energy
 L - a +4 ring of protection (right claw)
 T - an amulet of guardian spirit
 W - an amulet of reflection (around neck)
 X - a ring of resist corrosion (left claw)
Wands
 A - a wand of flame (14)
 C - a wand of iceblast (23)
 I - a wand of polymorph (35)
 O - a wand of acid (12)
Scrolls
 b - 6 scrolls of teleportation
 n - 3 scrolls of silence
 u - 3 scrolls of fog
 v - 3 scrolls of fear
 B - 3 scrolls of enchant armour
 D - 11 scrolls of identify
 R - 2 scrolls of blinking
 Z - a scroll of magic mapping
Potions
 c - a potion of ambrosia
 d - 2 potions of berserk rage
 e - 2 potions of invisibility
 f - 2 potions of mutation
 g - 4 potions of lignification
 h - 2 potions of cancellation
 j - 6 potions of curing
 m - 4 potions of brilliance
 q - 2 potions of flight
 r - 2 potions of might
 x - 3 potions of haste
 z - a potion of magic
 G - a potion of heal wounds
Miscellaneous
 k - a box of beasts
 w - a tin of tremorstones (2/2)
 E - a lightning rod (4/4)
 F - a box of beasts
 H - a phial of floods
 J - a phial of floods
 M - a tin of tremorstones (2/2)
 U - a piece from Xom's chessboard (15/15)
 V - a condenser vane


   Skills:
 + Level 12.3 Fighting
 * Level 7.8 Throwing
 * Level 7.1 Armour
 + Level 5.9 Dodging
 - Level 1.0 Stealth
 - Level 9.0 Shields
 + Level 14.3 Unarmed Combat


You had 13 spell levels left.
You didn't know any spells.
Your spell library contained the following spells:

 Spells                   Type           Power      Damage    Failure   Level
 Beastly Appendage        Tmut           0%         N/A       45%         1
 Sandblast                Erth           0%         2d4       45%         1
 Shock                    Conj/Air       0%         1d3       45%         1
 Blink                    Tloc           N/A        N/A       58%         2
 Passwall                 Tmut/Erth      0%         N/A       58%         2
 Dazzling Flash           Conj/Hex       0%         N/A       83%         3
 Gell's Gravitas          Tloc           0%         N/A       83%         3
 Lesser Beckoning         Tloc           0%         N/A       83%         3
 Ozocubu's Armour         Ice            0%         N/A       83%         3
 Swiftness                Air            0%         N/A       83%         3
 Teleport Other           Tloc           0%         N/A       83%         3
 Airstrike                Air            0%         N/A       99%         4
 Passage of Golubria      Tloc           N/A        N/A       99%         4
 Agony                    Necr           0%         N/A       100%        5
 Freezing Cloud           Conj/Ice/Air   0%         6-21      100%        5
 Lee's Rapid Deconstruct  Erth           0%         3d5*      100%        5
 Manifold Assault         Tloc           0%         N/A       100%        5
 Metabolic Englaciation   Hex/Ice        0%         N/A       100%        5
 Silence                  Hex/Air        0%         N/A       100%        5
 Dispersal                Tloc           0%         N/A       100%        6
 Simulacrum               Ice/Necr       0%         N/A       100%        6
 Ozocubu's Refrigeration  Ice            0%         4d5       100%        7
 Lehudib's Crystal Spear  Conj/Erth      0%         10d2      100%        8
 Polar Vortex             Ice            0%         N/A       100%        9


Dungeon Overview and Level Annotations

Branches:
Dungeon (10/15)            Temple (1/1) D:4            Lair (6/6) D:10
  Swamp (0/4) Lair:3       Spider (0/4) Lair:4        Slime (2/5) Lair:6
    Orc (0/2) D:9         Ossuary (visited)         Gauntlet (visited)

Altars:
Ashenzari
Cheibriados
Dithmenos
Elyvilon
Fedhas
Gozag
Hepliaklqana
Kikubaaqudgha
Makhleb
Nemelex Xobeh
Okawaru
Qazlal
Ru
Sif Muna
Trog
Uskayaw
Vehumet
Wu Jian
Xom
Yredelemnul
Zin
The Shining One
Beogh

Shops:
D:5 ?   D:7 !?:   D:10 [


Innate Abilities, Weirdness & Mutations

You are too large for most types of armour.
You have claws for hands.
Your natural rate of healing is unusually fast.
You are covered in fur. (AC +1)
You have tough skin. (AC +1)
You are somewhat resistant to further mutation.


Message History

There is a stone staircase leading up here.
Unknown command.
You scratch the acid blob.
Your claws burn!
The acid blob is lightly wounded.
You block the acid blob's attack.
You mangle the acid blob!!
Your claws burn!
The acid blob is moderately wounded.
The great orb of eyes bites you. You block the slime creature's attack.
You mangle the acid blob!! The acid corrodes you!
Your claws burn!
The acid blob is severely wounded.
The acid blob completely misses you.
A quicksilver ooze comes into view.
An azure jelly comes into view.
You block the slime creature's attack.
You block the great orb of eyes's attack.
You mangle the acid blob!!
Your claws burn!
The acid blob is almost dead.
The acid blob hits you!
You are splashed with acid.
You resist.
A rockslime comes into view.
An acid blob comes into view.
The great orb of eyes bites you! The slime creature hits you!
You scratch the acid blob.
Your claws burn!
The acid blob is almost dead.
A rockslime comes into view.
The acid blob spits acid at you. The splash of acid hits you! You resist.
The acid corrodes you!
You mangle the acid blob!!
You kill the acid blob!
The slime creature hits you.
You block the great orb of eyes's attack.
The acid blob spits acid at you. The splash of acid hits you! You resist.
You block the great orb of eyes's attack.
The slime creature closely misses you. The acid blob spits acid at you.
The splash of acid hits you! You resist.
Found a stone staircase leading down.
You block the great orb of eyes's attack.
The rockslime hits you!!!
* * * LOW HITPOINT WARNING * * *
You stumble backwards!
The rockslime hits you!!
You die...

.#...#.......#
................
........>.......
....#............
................#
.................
.................
........@........
.......JJJ...#.#
.##....GJ.....#..
.................
.##.#.#J.<..#.#..
##...J.^.## #
##.##.### #. ..#
. ....


You could see an acid blob, an azure jelly, a great orb of eyes, a slime
creature, 2 rockslimes and a quicksilver ooze.

Vanquished Creatures
  An acid blob (Slime:2)
  A minotaur (Gauntlet)
  A great orb of eyes (Slime:1)
  6 hydras
  A hell beast (Gauntlet)
  Erica (D:9)
  A catoblepas (Lair:5)
  2 two-headed ogres (D:10)
  The ghost of miscthings the Basher, a journeyman GrFi of Okawaru (D:7)
  17 death yaks
  A deep troll (Lair:1)
  Pikel (D:9)
  A lindwurm (Lair:3)
  An ugly thing (D:7)
  A shining eye (Slime:1)
  7 elephants
  7 black mambas
  A demonic crawler (Lair:4)
  18 cane toads
  6 rime drakes
  8 komodo dragons
  A troll (Lair:1)
  2 polar bears
  4 tyrant leeches (Lair:6)
  A raiju (Gauntlet)
  Grinder (D:5)
  Prince Ribbit (Lair:1)
  2 hornets
  10 dream sheep
  2 slime creatures
  36 blink frogs
  25 yaks
  A spriggan (shapeshifter) (D:7)
  2 basilisks
  4 steam dragons
  11 vampire mosquitoes
  3 wargs (D:9)
  A hell hound (Gauntlet)
  14 water moccasins
  A meliai simulacrum (Gauntlet)
  An orc warrior (D:10)
  An ice beast (D:7)
  A necrophage (D:5)
  4 black bears
  2 sky beasts (D:7)
  2 hornet zombies
  3 centaurs
  38 wolves
  2 phantoms
  The ghost of Jamsdnucbuo the Insei, an amateur OpTm (D:3)
  8 kobold brigands
  15 bullfrogs
  A wyvern zombie (D:6)
  11 scorpions
  A wyvern skeleton (D:7)
  A hornet simulacrum (Gauntlet)
  2 water moccasin skeletons (D:5)
  6 wights
  An electric eel (Lair:6)
  A howler monkey (D:8)
  5 bullfrog zombies
  A spectral centaur (D:7)
  4 hounds
  14 jellies
  2 orc priests
  A gnoll shaman (D:5)
  A human zombie (Ossuary)
  2 centaur skeletons
  3 iguanas
  3 scorpion zombies (Ossuary)
  6 orc wizards
  A spectral killer bee (D:7)
  4 centaur simulacra
  A hound zombie (D:5)
  A hound skeleton (D:4)
  A howler monkey zombie (D:9)
  3 mummies (Ossuary)
  3 gnolls (D:5)
  A howler monkey skeleton (D:7)
  4 adders
  2 white imps
  2 ufetubi (D:5)
  4 worms
  A dart slug (D:1)
  29 orcs
  16 endoplasms
  5 giant cockroaches
  9 hobgoblins
  44 kobolds
  A quokka (D:2)
  7 ball pythons
  2 bats
  3 frilled lizards
  A gnoll zombie (Ossuary)
  9 goblins
  4 hobgoblin zombies (Ossuary)
  3 kobold zombies (Ossuary)
  2 orc zombies (Ossuary)
  A quokka zombie (D:5)
  7 rats
  A rat zombie (D:5)
522 creatures vanquished.

Vanquished Creatures (others)
  31 fungi
  120 plants
151 creatures vanquished.

Grand Total: 673 creatures vanquished

Notes
Turn   | Place    | Note
-------+----------+-------------------------------------------
     0 | D:1      | mathmaestro the Troll Monk began the quest for the Orb.
     0 | D:1      | Reached XP level 1. HP: 22/22 MP: 0/0
   239 | D:1      | Found a faded altar of an unknown god.
   257 | D:1      | Got Plato's Catalogue of Transmigration
   340 | D:1      | Reached XP level 2. HP: 29/29 MP: 1/1
   351 | D:1      | You fall into a shaft and drop 1 floor!
   517 | D:2      | Reached XP level 3. HP: 36/36 MP: 2/2
  1837 | D:3      | Reached XP level 4. HP: 32/45 MP: 3/3
  1938 | D:3      | Found a runed translucent gate.
  1938 | D:3      | Found a runed translucent gate.
  1939 | D:3      | Found a runed translucent gate.
  1941 | D:3      | Noticed Jamsdnucbuo's ghost (amateur OpTm)
  1942 | D:3      | Identified the +1 scale mail "Wahye" {rElec Regen+ Stlth+}
  2008 | D:3      | Reached skill level 4 in Unarmed Combat
  2032 | D:3      | Killed Jamsdnucbuo's ghost
  2033 | D:3      | Reached XP level 5. HP: 41/54 MP: 4/4
  2514 | D:4      | Reached XP level 6. HP: 62/62 MP: 5/5
  2614 | D:4      | Found a staircase to the Ecumenical Temple.
  2636 | Temple   | Entered the Ecumenical Temple
  2739 | D:4      | Reached skill level 1 in Shields
  2743 | D:4      | Reached skill level 5 in Unarmed Combat
  3725 | D:5      | Entered Level 5 of the Dungeon
  3800 | D:5      | Reached XP level 7. HP: 60/71 MP: 6/6
  3807 | D:5      | Found a sand-covered staircase.
  3814 | Ossuary  | Entered an ossuary
  3979 | Ossuary  | Reached skill level 5 in Fighting
  3979 | Ossuary  | Reached skill level 6 in Unarmed Combat
  4082 | Ossuary  | Reached XP level 8. HP: 52/80 MP: 7/7
  4320 | D:5      | Found a stormy altar of Qazlal.
  4375 | D:5      | Found Jogi Geom's Magic Scroll Shoppe.
  4381 | D:5      | Bought a scroll of fear for 38 gold pieces
  4381 | D:5      | Bought a scroll of noise for 11 gold pieces
  4381 | D:5      | Bought a scroll of identify for 22 gold pieces
  4381 | D:5      | Bought a scroll of identify for 22 gold pieces
  4381 | D:5      | Bought a scroll of identify for 22 gold pieces
  4436 | D:5      | Identified the +1 robe "Ilifola" {Will+}
  4497 | D:5      | Noticed Grinder
  4500 | D:5      | Paralysed by Grinder for 4 turns
  4507 | D:5      | Paralysed by Grinder for 4 turns
  4512 | D:5      | Killed Grinder
  4513 | D:5      | Reached skill level 7 in Unarmed Combat
  5332 | D:6      | Reached XP level 9. HP: 70/92 MP: 8/8
  5584 | D:6      | Reached skill level 5 in Shields
  5633 | D:6      | Reached skill level 8 in Unarmed Combat
  5885 | D:6      | Paralysed by a hornet for 2 turns
  6079 | D:7      | Found Leuxorph's Distillery.
  6154 | D:7      | Bought a potion of heal wounds for 60 gold pieces
  6154 | D:7      | Bought a potion of degeneration for 12 gold pieces
  6512 | D:7      | Found Akoe's Magic Scroll Shoppe.
  6515 | D:7      | Bought a scroll of identify for 28 gold pieces
  6597 | D:7      | Reached skill level 9 in Unarmed Combat
  6622 | D:7      | Identified the +4 rapier "Gyugih" {vorpal, +Blink}
  6654 | D:7      | Reached XP level 10. HP: 96/102 MP: 9/9
  6813 | D:7      | Noticed a green ugly thing
  6839 | D:7      | Killed a green ugly thing
  6841 | D:7      | Identified the +0 scale mail of Death's Door {rElec rF+++
                  | MP+9 Dex-4}
  7086 | D:7      | Found a runed translucent gate.
  7086 | D:7      | Found a runed translucent gate.
  7089 | D:7      | Found a runed translucent gate.
  7091 | D:7      | Noticed miscthings's ghost (journeyman GrFi)
  7175 | D:7      | Found Zerim's Book Shop.
  7192 | D:7      | Identified a scroll of acquirement
  7192 | D:7      | Acquired 351 gold pieces
  7255 | D:7      | Bought a potion of curing for 36 gold pieces
  7255 | D:7      | Bought a potion of lignification for 36 gold pieces
  7255 | D:7      | Bought a potion of curing for 36 gold pieces
  7255 | D:7      | Bought a potion of curing for 36 gold pieces
  7255 | D:7      | Bought a potion of might for 48 gold pieces
  8163 | D:9      | Noticed Erica
  8178 | D:9      | Killed Erica
  8370 | D:7      | Bought a scroll of enchant weapon for 105 gold pieces
  8468 | D:7      | Killed miscthings's ghost
  8469 | D:7      | Reached skill level 10 in Unarmed Combat
  8669 | D:9      | Noticed Pikel
  8679 | D:9      | Killed Pikel
  8717 | D:9      | Identified the +1 ring mail of Jimuip {Str+2}
  8777 | D:9      | Reached XP level 11. HP: 113/113 MP: 10/10
  8874 | D:9      | Found a staircase to the Orcish Mines.
  9218 | D:10     | Entered Level 10 of the Dungeon
  9232 | D:10     | Found Urukh's Armour Boutique.
  9255 | D:10     | Noticed a death yak
  9258 | D:10     | Noticed a death yak
  9260 | D:10     | Noticed a death yak
  9270 | D:10     | Noticed a death yak
  9274 | D:10     | Killed a death yak
  9275 | D:10     | Noticed a death yak
  9283 | D:10     | Killed a death yak
  9289 | D:10     | Killed a death yak
  9373 | D:9      | Killed a death yak
  9374 | D:9      | Reached skill level 11 in Unarmed Combat
  9379 | D:9      | Killed a death yak
  9647 | D:10     | Found a staircase to the Lair.
  9707 | D:10     | Noticed a two-headed ogre
  9712 | D:10     | Killed a two-headed ogre
  9739 | D:10     | Noticed a two-headed ogre
  9749 | D:10     | Killed a two-headed ogre
  9877 | Lair:1   | Entered Level 1 of the Lair of Beasts
  9877 | Lair:1   | Noticed Urug
  9887 | Lair:1   | Identified the +1 ring mail of Suakhoeh {rPois rF+ Will-
                  | Stlth+}
  9893 | Lair:1   | Noticed Urug
  9893 | Lair:1   | Urug changed into Urug the deep troll
  9897 | Lair:1   | Killed Urug the deep troll
  9898 | Lair:1   | Reached skill level 10 in Fighting
  9935 | Lair:1   | Noticed a six-headed hydra
  9942 | Lair:1   | Killed a three-headed hydra
  9943 | Lair:1   | Reached XP level 12. HP: 116/126 MP: 11/11
  9970 | Lair:1   | Reached skill level 12 in Unarmed Combat
 10034 | Lair:1   | Noticed Prince Ribbit
 10043 | Lair:1   | Killed Prince Ribbit
 10072 | Lair:1   | Noticed Sonja
 10085 | Lair:1   | Noticed Sonja
 10085 | Lair:1   | Sonja changed into Sonja the troll
 10093 | Lair:1   | Killed Sonja the troll
 10491 | Lair:1   | Found the +8 whip "Snakebite" {venom, curare, rPois}
 10890 | Lair:2   | Found a shimmering altar of Xom.
 10966 | Lair:2   | Reached skill level 13 in Unarmed Combat
 11420 | Lair:3   | Reached skill level 1 in Throwing
 11422 | Lair:3   | Reached skill level 1 in Armour
 11813 | Lair:3   | Noticed a four-headed hydra
 11824 | Lair:3   | Killed a one-headed hydra
 11825 | Lair:3   | Reached XP level 13. HP: 123/137 MP: 9/12
 12292 | Lair:3   | Found a staircase to the Swamp.
 13067 | Lair:4   | Found a hole to the Spider Nest.
 13649 | Lair:5   | Found a gate leading to a gauntlet.
 13658 | Gauntlet | Entered a Gauntlet
 13658 | Gauntlet | Found a transporter.
 13658 | Gauntlet | Found a transporter.
 13658 | Gauntlet | Found a transporter.
 13679 | Gauntlet | Found a transporter.
 13692 | Gauntlet | Found a transporter.
 13693 | Gauntlet | Found a transporter.
 13704 | Gauntlet | Found a transporter.
 13721 | Gauntlet | Found a transporter.
 13736 | Gauntlet | Found a transporter.
 13738 | Gauntlet | Found a transporter.
 13740 | Gauntlet | Found a runed translucent door.
 13742 | Gauntlet | Found a runed translucent door.
 13746 | Gauntlet | Found a transporter.
 13749 | Gauntlet | Found a transporter.
 13750 | Gauntlet | Found a runed translucent door.
 14011 | Gauntlet | Reached skill level 5 in Throwing
 14125 | Gauntlet | Identified the +10 fustibalus "Gykail" {venom, rF+ rN+
                  | Str-2 Int+2}
 14151 | Gauntlet | Acquired a +2 cloak of poison resistance
 14184 | Gauntlet | Identified the ring "Kytemn" {Fly Will- Str+2 Dex+6}
 14184 | Gauntlet | Noticed a minotaur
 14193 | Gauntlet | Killed a minotaur
 14204 | Gauntlet | Identified the +8 short sword of Huesyuqe {vorpal, *Slow
                  | rPois rC++ MP+9}
 14328 | Lair:5   | Reached skill level 5 in Armour
 14852 | Lair:6   | Entered Level 6 of the Lair of Beasts
 15086 | D:7      | Bought a scroll of magic mapping for 49 gold pieces
 15086 | D:7      | Bought a scroll of magic mapping for 49 gold pieces
 15391 | Lair:5   | Reached XP level 14. HP: 148/148 MP: 13/13
 15452 | Lair:6   | Reached skill level 5 in Dodging
 15737 | Lair:6   | Reached skill level 14 in Unarmed Combat
 16983 | Lair:6   | Identified the +2 chain mail of the Wilderness {Harm rElec
                  | rC- Will++}
 17106 | Lair:6   | Found a staircase to the Slime Pits.
 17233 | Slime:1  | Entered Level 1 of the Pits of Slime
 17256 | Slime:1  | Gained mutation: You are somewhat resistant to further
                  | mutation. [a shining eye]
 17312 | Slime:1  | Paralysed by a great orb of eyes for 3 turns
 17384 | Slime:1  | Noticed an acid blob
 17393 | Slime:2  | Noticed a quicksilver ooze
 17393 | Slime:2  | Noticed an azure jelly
 17394 | Slime:2  | Noticed a rockslime
 17394 | Slime:2  | Noticed an acid blob
 17395 | Slime:2  | Noticed a rockslime
 17396 | Slime:2  | Killed an acid blob
 17399 | Slime:2  | Demolished by a rockslime

Illustrated notes

Levels and vault maps discovered:
D:1:      pf_arrival_petrified_forest, layout_loops_corners,
          shapermc_ecumenical_altar_rom_forum, st_stairs_13
D:2:      kennysheep_six_static_rooms, layout_loops_ring,
          roderic_serpentine_path, corexii_leaking_fountain
D:3:      layout_rooms, serial_curves, eino_curves_04, eino_curves_04,
          biasface_ghost_orc_armoury
D:4:      layout_layer_cave, minmay_temple_entry_statues_pillars,
          kennysheep_generic_room_16
D:5:      layout_basic, mainiacjoe_overflow_small_starburst, enter_ossuary_4,
          serial_shops, nicolae_shop_crystal, minmay_misc_feat_tower,
          uniq_grinder
D:6:      layout_gridville
D:7:      layout_loops_corners, gammafunk_ghost_necromancy, serial_shops,
          nicolae_shop_waterfront, kennysheep_mini, nicolae_shop_statue_plus,
          chequers_serial_rivers_micro_c, minmay_the_grid_2x2
          [minmay_the_grid_box_x, minmay_the_grid_minigrid_medium,
          minmay_the_grid_odd_star, minmay_the_grid_prize_diamond_cup]
D:8:      layout_loops_cross, kennysheep_decorative_pillar
D:9:      layout_small_grid, minmay_orc_entry_guard_dogs,
          kennysheep_generic_room_5, uniq_erica, uniq_pikel
D:10:     layout_roguey, dpeg_lair_monsters, serial_shops,
          nicolae_shop_behind_doors
Temple:   grunt_wide_crystal_templ
Lair:1:   layout_big_grid, infiniplex_staircase_pool, grunt_megastairs_4,
          uniq_urug, uniq_prince_ribbit2, uniq_sonja
Lair:2:   layout_gridlike, basic_altar
Lair:3:   cheibrodos_lair_river_kwai, layout_concentric_octagons,
          palyth_hydra_swamp_entry, grunt_forest_large_clearings
Lair:4:   layout_roguey, nicolae_spider_entry_non_spiders,
          minmay_lair_drake_nest
Lair:5:   lemuel_slime, layout_concentric_octagons, gauntlet_entry_generic
Lair:6:   minmay_lair_end_frog_pond, layout_long_grid, dpeg_slime_entry_corner
Slime:1:  layout_caves, cheibrodos_slime_lost_civilization_5
Slime:2:  layout_caves

Skill      XL: |  1  2  3  4  5  6  7  8  9 10 11 12 13 14 |
---------------+-------------------------------------------+-----
Fighting       | 3 4 5 6 7 8 10 11 12 | 12.3
Dodging        | 3 4 5 |  5.9
Unarmed Combat | 4 5 6 7 9 10 11 13 14 | 14.3
Shields        | 2 3 4 6 7 9 |  9.0
Throwing       | 2 5 7 |  7.8
Armour         | 2 5 7 |  7.1
Stealth        | |  1.0

Action                   |  1- 3 |  4- 6 |  7- 9 | 10-12 | 13-15 || total
-------------------------+-------+-------+-------+-------+-------++-------
Melee: Unarmed           |   120 |   156 |   342 |   617 |   763 ||  1998
       Punch             |     1 |     3 |       |       |       ||     4
       Scimitar          |       |       |       |     8 |    20 ||    28
Throw: Large rock        |       |       |       |     5 |     1 ||     6
Evoke: Wand              |       |       |       |     4 |     2 ||     6
  Use: Scroll            |     5 |     5 |    15 |     2 |     6 ||    33
       Potion            |       |       |       |     7 |     4 ||    11
 Stab: Sleeping          |     1 |       |     1 |     1 |     1 ||     4
       Petrified         |       |       |       |       |     4 ||     4
Armor: Robe              |    37 |    60 |    79 |   115 |   201 ||   492
       Skin              |       |       |       |     3 |       ||     3
       Steam dragon scal |       |       |       |       |    35 ||    35
Dodge: Dodged            |    48 |    64 |   107 |   176 |   257 ||   652
       Repelled          |       |       |       |       |     1 ||     1
Block: Kite shield       |       |    70 |   143 |   261 |   553 ||  1027

Table legend: (Time is in decaauts)
 A = Elapsed time spent in this place.
 B = Non-inter-level travel time spent in this place.
 C = Inter-level travel time spent in this place.
 D = Time resting spent in this place.
 E = Time spent auto-exploring this place.
 F = Levels seen in this place.
 G = Mean time per level.
                   A        B        C        D        E       F      G
               +--------+--------+--------+--------+--------+-----+--------+
         Total |  17239 |  15971 |   1268 |   1167 |  10640 |  21 |  820.9 |
       Dungeon |   9593 |   8881 |    712 |    463 |   6542 |  10 |  959.3 |
        Temple |     69 |     53 |     16 |      0 |     37 |   1 |   69.0 |
          Lair |   6459 |   5920 |    539 |    508 |   3701 |   6 | 1076.5 |
    Slime Pits |    157 |    157 |      0 |     13 |     42 |   2 |   78.5 |
       Ossuary |    410 |    410 |      0 |     31 |    186 |   1 |  410.0 |
      Gauntlet |    549 |    549 |      0 |    152 |    132 |   1 |  549.0 |
               +--------+--------+--------+--------+--------+-----+--------+

Top non-repeatable levels by time:
     D:7: 1632 daAuts
  Lair:3: 1426 daAuts
     D:4: 1395 daAuts
  Lair:5: 1219 daAuts
  Lair:6: 1214 daAuts
  Lair:4: 1053 daAuts
     D:5: 988 daAuts
     D:9: 932 daAuts
     D:6: 912 daAuts
     D:2: 887 daAuts
     D:1: 881 daAuts
     D:8: 822 daAuts
  Lair:1: 784 daAuts
  Lair:2: 761 daAuts
    D:10: 597 daAuts
